Map: 스테이시스 - 래더

Players

Cure

  • Race: Terran Terran
  • Spawn Location: 1:00

soO - Winner!

  • Race: Zerg Zerg
  • Spawn Location: 11:00

Event: IEM Season 13 - Katowice Server Qualifiers Asia 1

VOD

Have the link to the VOD?

Description

Time

  • Played on: Jan. 14, 2019, 7:26 a.m.
  • Length: 12:48

All games in this series

Show
View Real Time Build Order
Export as new Build Order

Cure Terran 

Build Orders: Gas First Reaper Expand 

Get SALT Encoding   

  12  0:00  SCV  
  13  0:12  SCV  
  14  0:17  Supply Depot  
  14  0:24  SCV  
  14  0:28  Refinery  
  15  0:39  SCV  
  16  0:45  Barracks  
  16  0:51  SCV  
  17  1:03  SCV  
  18  1:15  SCV  
  19  1:31  Orbital Command  
  19  1:32  Reaper  
  20  1:43  Command Center  
  20  1:55  Factory  
  20  1:58  SCV  
  21  2:05  Refinery  
  21  2:06  Barracks Reactor  
  21  2:11  SCV  
  22  2:16  Supply Depot  
  22  2:23  SCV  
  23  2:37  SCV  
  23  2:41  Starport  
  24  2:47  Hellion x2  
  24  2:49  Marine  
  24  2:50  SCV  
  30  3:00  Orbital Command  
  30  3:02  SCV  
  31  3:07  Marine  
  32  3:14  SCV  
  32  3:18  Fusion Core  
  33  3:26  SCV x2  
  35  3:33  Hellion, Supply Depot  
  37  3:35  Hellion  
  37  3:38  SCV x2  
  37  3:40  Starport Tech Lab  
  41  3:50  SCV x2  
  43  3:56  Supply Depot  
  43  4:05  SCV x2  
  43  4:08  Battlecruiser  
  51  4:17  SCV x2  
  51  4:19  Supply Depot  
  53  4:29  SCV x2  
  55  4:34  Command Center  
  55  4:39  Refinery x2  
  55  4:43  Supply Depot  
  55  4:44  SCV x2  
  57  4:50  Weapon Refit  
  57  4:56  SCV  
  58  5:01  SCV  
  58  5:06  Supply Depot  
  59  5:08  SCV  
  59  5:13  SCV  
  61  5:17  Battlecruiser  
  61  5:20  SCV  
  68  5:25  SCV  
  70  5:28  Hellion  
  70  5:29  Hellion  
  70  5:33  SCV  
  73  5:37  Factory  
  73  5:39  SCV  
  73  5:40  Factory  
  74  5:45  SCV  
  74  5:46  SCV  
  73  5:50  Hellion x2  
  73  5:51  SCV  
  72  5:57  SCV  
  72  5:58  SCV  
  72  5:59  Marine  
  72  6:02  Bunker  
  74  6:08  Factory  
  74  6:09  Factory  
  70  6:12  Orbital Command  
  70  6:17  SCV x2  
  71  6:19  Hellion x2  
  75  6:37  Supply Depot  
  75  6:38  Supply Depot  
  74  6:45  Supply Depot  
  72  6:51  Engineering Bay  
  72  6:59  Factory Tech Lab  
  72  7:00  Factory Tech Lab, SCV x3  
  75  7:02  Widow Mine  
  75  7:03  Supply Depot  
  75  7:07  Widow Mine, Orbital Command  
  79  7:08  Supply Depot  
  79  7:10  Starport Reactor  
  79  7:12  SCV x2  
  81  7:16  Armory  
  81  7:18  Cyclone  
  84  7:24  SCV  
  84  7:25  SCV, Cyclone  
  89  7:30  Missile Turret  
  89  7:32  Missile Turret  
  89  7:38  SCV x3  
  89  7:40  Hellion x2  
  96  7:50  SCV x3  
  99  7:52  Supply Depot  
  99  7:53  Supply Depot  
  99  8:03  Missile Turret  
  99  8:04  Refinery, SCV x2  
  101  8:06  Refinery  
  101  8:12  Factory  
  101  8:13  SCV, Siege Tank x2  
  101  8:16  SCV, Supply Depot  
  101  8:17  Barracks Reactor, Supply Depot  
  101  8:19  Armory  
  109  8:20  Terran Vehicle Weapons Level 1  
  109  8:22  SCV  
  109  8:25  SCV  
  111  8:28  SCV  
  111  8:32  Missile Turret, Hellion x2  
  117  8:34  SCV  
  117  8:38  Viking, SCV  
  117  8:40  SCV  
  121  8:43  Viking  
  121  8:46  Factory, SCV  
  121  8:48  Supply Depot  
  124  8:50  SCV, Supply Depot  
  124  8:52  SCV  
  126  8:58  SCV  
  126  9:00  Thor  
  131  9:09  Thor  
  137  9:11  Supply Depot  
  137  9:13  Missile Turret, Supply Depot x2  
  137  9:19  Missile Turret  
  137  9:21  Terran Vehicle And Ship Armor Level 1, Infernal Pre-Igniter  
  137  9:35  Command Center  
  137  9:38  Thor  
  143  9:48  Thor, Hellion x2  
  151  9:54  Viking x2  
  149  10:02  Thor  
  155  10:12  Missile Turret, Hellion, Supply Depot  
  155  10:13  Hellion x2, Supply Depot  
  161  10:16  Terran Vehicle Weapons Level 2  
  161  10:23  Supply Depot  
  161  10:24  Missile Turret  
  161  10:25  Supply Depot  
  161  10:27  Thor  
  165  10:40  Thor  
  165  10:41  Hellion x2  
  173  10:54  Siege Tank  
  173  10:55  Refinery  
  176  10:57  Refinery, SCV x2  
  176  10:58  SCV  
  176  11:01  Missile Turret x2  
  179  11:04  Missile Turret  
  179  11:11  Siege Tank  
  182  11:13  Planetary Fortress  
  182  11:18  Refinery  
  179  11:23  Smart Servos  
  179  11:29  Missile Turret  
  179  11:31  Thor  
  184  11:39  Viking x2  
  187  11:45  Thor  
  173  11:57  Thor  
  173  11:58  Hellion x3  
  170  12:14  Hellion  
  169  12:19  Hellion  
Show
View Real Time Build Order
Export as new Build Order

soO Zerg - Winner!

Build Orders: Hatch First, Muta Ling Bane 

Get SALT Encoding   

  12  0:00  Drone  
  13  0:12  Overlord  
  13  0:17  Drone  
  14  0:31  Drone x2  
  14  0:34  Drone  
  17  0:52  Hatchery  
  17  0:56  Drone  
  17  1:00  Drone  
  18  1:10  Extractor  
  17  1:14  Spawning Pool  
  17  1:16  Drone  
  17  1:20  Drone  
  18  1:28  Drone  
  19  1:39  Overlord  
  19  2:01  Queen, Zergling x2  
  19  2:02  Zergling x2  
  19  2:04  Queen, Zergling x2  
  26  2:09  Metabolic Boost  
  26  2:13  Drone  
  27  2:16  Drone  
  27  2:22  Drone  
  29  2:26  Drone  
  30  2:37  Drone x2  
  32  2:44  Queen  
  32  2:47  Overlord  
  32  2:50  Drone  
  35  2:54  Drone  
  36  3:09  Drone x2  
  38  3:14  Drone x2  
  38  3:15  Hatchery  
  38  3:17  Drone x2  
  38  3:18  Overlord  
  41  3:29  Queen  
  41  3:30  Overlord  
  41  3:33  Drone  
  44  3:39  Drone x2  
  46  3:41  Drone  
  47  3:48  Drone x2  
  47  3:49  Drone  
  47  3:50  Drone  
  51  3:57  Drone  
  51  4:00  Drone  
  53  4:06  Roach Warren, Drone  
  53  4:10  Lair  
  53  4:11  Drone  
  53  4:13  Spore Crawler, Drone  
  53  4:14  Extractor  
  53  4:15  Extractor  
  53  4:16  Drone x2  
  54  4:19  Drone  
  54  4:20  Drone  
  56  4:24  Drone  
  56  4:25  Overlord  
  56  4:26  Overlord  
  57  4:37  Spore Crawler, Drone  
  57  4:46  Drone  
  57  4:47  Queen  
  57  4:48  Roach x6  
  71  5:02  Drone x2  
  71  5:05  Drone x3  
  76  5:13  Spire  
  75  5:15  Drone  
  75  5:17  Drone x3  
  75  5:18  Drone  
  78  5:21  Spore Crawler  
  78  5:25  Drone x3  
  78  5:32  Queen  
  77  5:36  Drone x4  
  79  5:43  Drone x2  
  79  5:49  Drone x2  
  80  5:50  Drone  
  80  5:54  Overlord  
  81  5:58  Overlord  
  81  6:00  Overlord  
  81  6:01  Overlord  
  81  6:07  Overlord  
  81  6:10  Overlord, Extractor  
  80  6:11  Overlord, Extractor  
  80  6:12  Queen  
  80  6:17  Drone x2  
  80  6:18  Drone  
  83  6:20  Drone  
  83  6:23  Drone  
  83  6:35  Overlord  
  79  6:44  Hatchery  
  73  6:47  Drone x2  
  73  6:48  Mutalisk x6, Drone x2  
  73  6:49  Mutalisk  
  73  6:51  Overlord  
  88  6:58  Zerg Flyer Weapons Level 1, Drone x3  
  88  7:00  Drone  
  92  7:03  Evolution Chamber  
  92  7:04  Evolution Chamber  
  90  7:09  Drone x2  
  90  7:10  Drone  
  90  7:12  Drone x2  
  90  7:13  Baneling Nest  
  90  7:14  Extractor  
  93  7:16  Overlord  
  93  7:21  Corruptor x3  
  99  7:23  Drone x2  
  99  7:24  Drone x4  
  105  7:31  Zerg Ground Armor Level 1  
  105  7:32  Drone  
  105  7:35  Zergling x4  
  108  7:41  Zerg Melee Weapons Level 1  
  108  7:48  Drone x7  
  115  7:55  Corruptor x2  
  115  7:57  Drone  
  120  7:59  Overlord  
  120  8:00  Centrifical Hooks  
  120  8:02  Hatchery  
  119  8:06  Zergling x10  
  119  8:12  Drone  
  124  8:13  Extractor  
  124  8:15  Corruptor  
  124  8:17  Extractor  
  124  8:22  Mutalisk x2  
  124  8:24  Hatchery  
  127  8:30  Drone  
  128  8:39  Drone x3  
  131  8:47  Mutalisk x5  
  140  8:57  Zerg Flyer Weapons Level 2  
  140  9:03  Zergling x22  
  140  9:09  Overlord x3  
  151  9:10  Corruptor x2  
  151  9:12  Mutalisk  
  151  9:15  Overlord  
  157  9:22  Mutalisk x3  
  163  9:26  Overlord  
  163  9:28  Overlord  
  163  9:29  Drone x6  
  169  9:42  Zerg Ground Armor Level 2  
  169  9:43  Zerg Melee Weapons Level 2  
  165  9:53  Hatchery  
  165  9:54  Drone x4  
  165  9:59  Extractor  
  165  10:04  Extractor, Zergling x4  
  165  10:05  Zergling x34  
  183  10:13  Infestation Pit  
  182  10:15  Drone x2  
  184  10:34  Drone  
  184  10:35  Spine Crawler, Drone  
  185  10:37  Spine Crawler  
  185  10:42  Baneling  
  184  10:43  Baneling x23  
  184  10:51  Hive  
  184  10:58  Zergling x20  
  184  10:59  Zergling x12  
  200  11:38  Baneling x2  
  200  11:39  Baneling x29  
  197  11:40  Baneling x5  
  172  11:55  Zergling x2  
  172  11:56  Zergling x42  
  172  11:58  Zergling x4  
  172  11:59  Zergling x16  
  182  12:12  Zergling x28  
  182  12:13  Zergling x36  
  199  12:17  Baneling x16  

Tags
 
Add a new tag
Caveats
  • Supply blocks, unpowered buildings, or Contaminate may cause inaccurate times.
  • Supply counts are checked every 10 seconds.